 Dungeon Crawl Stone Soup version 0.25-a0-566-g062765be81 (webtiles) character file.

Game seed: 1803204166906320585, levelgen mode: deterministic

3895 Flugslaktarn the Cleaver (level 10, -1/96 HPs)
             Began as a Deep Dwarf Fighter on Feb 27, 2020.
             Was a Follower of Makhleb.
             Slain by a white ugly thing (34 damage)
             ... on level 9 of the Dungeon.
             The game lasted 00:03:28 (3953 turns).

Flugslaktarn the Cleaver (Deep Dwarf Fighter)       Turns: 3953, Time: 00:03:29

Health: -1/96      AC: 15    Str: 22    XL:     10   Next: 0%
Magic:  3/3        EV:  5    Int: 10    God:    Makhleb [*.....]
Gold:   406        SH: 11    Dex: 12    Spells: 9/9 levels left

rFire    . . .     SeeInvis .   x - +2 war axe (freeze)
rCold    . . .     Gourm    .   c - +0 kite shield
rNeg     . . .     Faith    .   G - +0 plate armour
rPois    .         Spirit   .   (no helmet)
rElec    .         Reflect  .   y - +0 cloak
rCorr    .         Harm     .   (no gloves)
MR       +....                  k - +0 pair of boots
Stlth    ..........             (no amulet)
HPRegen  0.00/turn              (no ring)
MPRegen  0.08/turn              (no ring)

@: non-regenerating
A: damage resistance, heal wounds, sense surroundings 2, no regeneration
a: Heal Wounds, Renounce Religion


You were on level 9 of the Dungeon.
You worshipped Makhleb.
Makhleb was aware of your devotion.
You were not hungry.

You visited 2 branches of the dungeon, and saw 10 of its levels.
You also visited: Ossuary.

You collected 406 gold pieces.

Inventory:

Hand Weapons
 a - a +0 war axe
 s - a +0 hand axe of electrocution
   (You found it in an ossuary)
 x - a +2 war axe of freezing (weapon)
   (You took it off an orc on level 7 of the Dungeon)
Missiles
 B - a throwing net (quivered)
Armour
 c - a +0 kite shield (worn)
 k - a +0 pair of boots (worn)
   (You found it on level 3 of the Dungeon)
 y - a +0 cloak (worn)
   (You found it on level 6 of the Dungeon)
 G - a +0 plate armour (worn)
   (You took it off an orc warrior on level 8 of the Dungeon)
Wands
 z - a wand of paralysis (5)
   (You found it on level 6 of the Dungeon)
Scrolls
 f - a scroll of magic mapping {unknown}
 g - 4 scrolls of enchant weapon {unknown}
 i - 2 scrolls of enchant armour {unknown}
 l - 6 scrolls of remove curse {unknown}
 n - 3 scrolls of fog {unknown}
 o - 5 scrolls of teleportation {unknown}
 p - 10 scrolls of identify {unknown}
 t - a scroll of amnesia {unknown}
 w - a scroll of immolation {unknown}
 F - a scroll of blinking {unknown}
Potions
 d - a potion of might
 h - a potion of ambrosia {unknown}
 j - 4 potions of lignification {unknown}
 m - 5 potions of heal wounds {unknown}
 q - 2 potions of cancellation {unknown}
 r - 2 potions of stabbing {unknown}
 u - 7 potions of curing {unknown}
 v - 2 potions of brilliance {unknown}
 A - a potion of magic {unknown}
 C - a potion of resistance {unknown}
 D - a potion of berserk rage {unknown}
Comestibles
 b - 3 chunks of flesh
 e - 10 rations


   Skills:
 * Level 8.0 Fighting
 * Level 9.3 Axes
 + Level 7.1 Armour
 + Level 7.0 Shields
 + Level 3.2 Invocations


You had 9 spell levels left.
You didn't know any spells.
Your spell library was empty.

Dungeon Overview and Level Annotations

Branches:
Dungeon (9/15)             Temple (1/1) D:7         Ossuary (visited)
   Lair: D:8-11         Orc: D:9-12

Altars:
Cheibriados
Fedhas
Gozag
Hepliaklqana
Kikubaaqudgha
Makhleb
Nemelex Xobeh
Sif Muna
Wu Jian
Xom
Yredelemnul
The Shining One

Shops:
D:4 =:}

Annotations:
D:3 3 runed translucent doors, Irikuri's ghost, amateur MiMo
D:4 2 transporters, Alarak's ghost, novice HOFi
D:6 1 runed translucent door


Innate Abilities, Weirdness & Mutations

You are resistant to damage.
You can heal yourself by infusing magical energy.
You passively map the area around you.
You do not regenerate.


Message History

The orc priest invokes the aid of Beogh against you.
Beogh smites you!
The hound zombie bites you but does no damage.
The orc wizard mumbles some strange words.
The orc wizard blinks!
The white ugly thing bites you. The white ugly thing freezes you!!
The orc wizard hits you but does no damage.
You block the orc wizard's attack.
The orc priest invokes the aid of Beogh against you.
Pain shoots through your body!
* * * LOW HITPOINT WARNING * * *
The hound zombie bites you but does no damage.
The orc priest calls down the wrath of Beogh upon you.
Beogh smites you!
* * * LOW HITPOINT WARNING * * *
Your magical essence is drained by the effort!
You feel much better.
The orc wizard hits you but does no damage.
The white ugly thing bites you! The white ugly thing freezes you!!
You die...

.#..#...#
....................., .#.##,,
, ..##.................., ....
. ,##..#..................
.####..,
#...#.............##...,
........*#..........o......#
..,
.......*##....................
. <.#...
....................##. ,*
.##..##........oouo.......#..
.
..##............@oZ......##...
,, #..........#....#.......##
.. .........###.#..#......##,
* #.........##,#.##........ ,*
###......##. .. .......... ,
#............ ........#. , #
##.......... ........# ,
###†.......... , ......#
..†.......#. , ,, * * ,


You could see a white ugly thing, an orc warrior, an orc priest, an orc wizard,
2 orcs and a hound zombie.

Vanquished Creatures
  A troll (D:9)
  A hungry ghost (D:7)
  2 sky beasts (D:5)
  2 ice beasts (D:5)
  A black bear (D:8)
  3 orc warriors
  2 centaurs
  4 ogres
  An elf zombie (Ossuary)
  4 bullfrogs
  2 scorpions
  12 killer bees
  3 howler monkeys
  4 crimson imps
  A quasit (D:9)
  A human zombie (Ossuary)
  2 jellies
  3 orc priests
  2 bullfrog skeletons
  A hound (D:5)
  3 iguanas
  5 orc wizards
  8 worker ants
  2 big kobold zombies (Ossuary)
  4 hound zombies
  2 hound skeletons (D:9)
  5 mummies
  3 worker ant zombies
  4 gnolls (D:7)
  A howler monkey skeleton (D:5)
  6 adders
  2 oozes
  2 worms (D:2)
  2 leopard geckos
  29 orcs
  A giant cockroach (D:5)
  2 goblins (D:3)
  3 hobgoblins
  6 jackals
  A kobold (D:2)
  2 quokkas
  2 ball pythons
  4 bats
  2 frilled lizards
  3 goblin zombies
  A hobgoblin zombie (Ossuary)
  A jackal zombie (Ossuary)
  2 kobold zombies
  A quokka skeleton (D:5)
  2 rats
163 creatures vanquished.

Notes
Turn   | Place    | Note
-------+----------+-------------------------------------------
     0 | D:1      | Flugslaktarn the Deep Dwarf Fighter began the quest for the
                  | Orb.
     0 | D:1      | Reached XP level 1. HP: 20/20 MP: 1/1
    40 | D:2      | Found a shimmering altar of Xom.
   143 | D:2      | Reached XP level 2. HP: 24/27 MP: 2/2
   188 | D:2      | Found a sparkling altar of Nemelex Xobeh.
   324 | D:2      | Reached XP level 3. HP: 28/34 MP: 3/3
   373 | D:3      | Found a shimmering blue altar of Sif Muna.
   396 | D:3      | Reached skill level 3 in Axes
   526 | D:3      | Found a runed translucent gate.
   526 | D:3      | Found a runed translucent gate.
   526 | D:3      | Noticed Irikuri's ghost (amateur MiMo)
   527 | D:3      | Found a runed translucent gate.
   728 | D:4      | Found a sand-covered staircase.
   736 | D:4      | Reached XP level 4. HP: 19/42 MP: 4/4
   741 | Ossuary  | Entered an ossuary
   767 | Ossuary  | Reached XP level 5. HP: 40/50 MP: 3/3
   773 | Ossuary  | Reached skill level 4 in Axes
   821 | Ossuary  | Reached XP level 6. HP: 42/57 MP: 4/4
  1046 | D:4      | Reached skill level 5 in Axes
  1118 | D:4      | Found Ciysauq's Gadget Boutique.
  1155 | D:4      | Noticed Alarak's ghost (novice HOFi)
  1174 | D:4      | Found a transporter.
  1179 | D:4      | Found a transporter.
  1184 | D:4      | Reached XP level 7. HP: 40/66 MP: 4/4
  1205 | D:4      | Found Erhie's Book Boutique.
  1237 | D:4      | Found Abaph's Jewellery Boutique.
  1424 | D:5      | Entered Level 5 of the Dungeon
  1451 | D:5      | Reached skill level 5 in Fighting
  1503 | D:5      | Reached skill level 5 in Armour
  1503 | D:5      | Reached skill level 5 in Shields
  1548 | D:5      | Reached skill level 6 in Axes
  1627 | D:5      | Reached XP level 8. HP: 32/75 MP: 5/5
  2244 | D:6      | Reached skill level 7 in Axes
  2261 | D:6      | Found a runed translucent door.
  2271 | D:6      | Found a basalt altar of Yredelemnul.
  2759 | D:7      | Gained mutation: You passively map the area around you.
                  | [Deep Dwarf growth]
  2759 | D:7      | Reached XP level 9. HP: 63/85 MP: 4/4
  2835 | D:7      | Reached skill level 8 in Axes
  3161 | D:7      | Found a staircase to the Ecumenical Temple.
  3170 | Temple   | Entered the Ecumenical Temple
  3216 | Temple   | Became a worshipper of Makhleb the Destroyer
  3465 | D:8      | Reached skill level 1 in Invocations
  3578 | D:8      | Reached * piety under Makhleb
  3787 | D:9      | Noticed a troll
  3797 | D:9      | Killed a troll
  3797 | D:9      | Reached skill level 9 in Axes
  3921 | D:9      | Reached XP level 10. HP: 58/96 MP: 5/5
  3935 | D:9      | Noticed a white ugly thing
  3953 | D:9      | Slain by a white ugly thing

Levels and vault maps discovered:
D:1:      wander_arrival_fairy_ring, layout_basic,
          hangedman_abyss_or_decor_lesser_grid
D:2:      layout_loops_ring, xom_butterflies, kennysheep_another_room,
          nemelex_dance_club_becter, uniq_crazy_yiuf_cottage
D:3:      layout_loops_corners, grunt_temple_overflow_cloverleaf,
          portal_sewer_entry_f, gammafunk_ghost_split, lemuel_tele_altar
D:4:      layout_cave_pools, nicolae_ossuary_entry_giza, gammafunk_ghost_arena,
          serial_shops, nicolae_shop_statue_plus, nicolae_shop_window_shopping,
          shop, kennysheep_path_1
D:5:      layout_basic, first_ration
D:6:      layout_rooms, dk_yredelemnul_ordeal
D:7:      layout_basic, temple_hall
D:8:      layout_basic
D:9:      layout_cave_pools
Temple:   nicolae_temple_elliptical

Skill      XL: |  1  2  3  4  5  6  7  8  9 |
---------------+----------------------------+-----
Fighting       | 3 4 5 6 8 |  8.0
Axes           | 3 4 5 6 7 9 |  9.3
Armour         | 4 5 6 7 |  7.1
Shields        | 4 5 6 7 |  7.0
Invocations    | 3 |  3.2

Action                   |  1- 3 |  4- 6 |  7- 9 | 10-12 || total
-------------------------+-------+-------+-------+-------++-------
Melee: War axe           |   115 |    54 |    99 |     6 ||   274
       Hand axe          |       |    36 |   287 |       ||   323
 Abil: Heal Wounds       |     1 |     3 |    16 |     4 ||    24
  Eat: Chunk             |       |     1 |     9 |       ||    10
       Ration            |       |       |     1 |       ||     1
Armor: Scale mail        |    49 |    71 |   126 |       ||   246
       Plate armour      |       |       |    97 |    13 ||   110
Dodge: Dodged            |    29 |    31 |   108 |     3 ||   171
Block: Kite shield       |    60 |    75 |   235 |     8 ||   378

Table legend:
 A = Non-vault XP
 B = Vault XP
 C = Vault XP percentage of total XP
 D = Non-vault monster count
 E = Vault monster count
 F = Vault count percentage of total count
                 A         B        C        D         E       F
            +---------+---------+-------+---------+---------+-------
      Total |    5204 |     361 |   6.5 |     142 |      21 |  12.9
            +---------+---------+-------+---------+---------+-------
        D:1 |       2 |       0 |   0.0 |       1 |       0 |   0.0
        D:2 |      31 |      10 |  24.4 |       9 |       2 |  18.2
        D:3 |      32 |       0 |   0.0 |      15 |       0 |   0.0
        D:4 |     360 |      20 |   5.3 |      19 |       3 |  13.6
        D:5 |    1089 |       0 |   0.0 |      18 |       0 |   0.0
        D:6 |     525 |       0 |   0.0 |      12 |       0 |   0.0
        D:7 |    1401 |       0 |   0.0 |      29 |       0 |   0.0
        D:8 |     691 |       0 |   0.0 |      20 |       0 |   0.0
        D:9 |    1073 |       0 |   0.0 |      19 |       0 |   0.0
    Ossuary |       0 |     331 | 100.0 |       0 |      16 | 100.0
            +---------+---------+-------+---------+---------+-------
